 Dungeon Crawl Stone Soup version 0.29.1-13-g9f3cf754e1 (webtiles) character file.

Game seed: 13493112445416970818

29 pilgrim the Gusty (level 3, 0/30 HPs)
             Began as a Tengu Air Elementalist on Feb 10, 2023.
             Succumbed to an adder's poison
             ... on level 2 of the Dungeon.
             The game lasted 00:05:51 (1469 turns).

pilgrim the Gusty (Tengu Air Elementalist)          Turns: 1469, Time: 00:05:52

Health: 0/30       AC: 21    Str:  8    XL:     3   Next: 16%
Magic:  2/7        EV:  2    Int: 17    God:
Gold:   74         SH:  0    Dex: 14    Spells: 3/6 levels left

rFire   . . .      SeeInvis .   a - +0 dagger
rCold   . . .      Faith    .   (no shield)
rNeg    . . .      Spirit   .   (body armour currently unavailable)
rPois   +          Reflect  .   (helmet currently unavailable)
rElec   .          Harm     .   (cloak currently unavailable)
rCorr   .          Rampage  .   (gloves currently unavailable)
Will    .....      NoTele   +   (boots unavailable)
Stlth   ++........              (no amulet)
HPRegen 0.10/turn               (no ring)
MPRegen 0.10/turn               (no ring)

@: lethally poisoned (0 -> -2), tree-form
A: stationary, stasis, torment immunity, boosted hp, (beak), (talons 3)
a: no special abilities


You were on level 2 of the Dungeon.
You were a tree.
You visited 1 branch of the dungeon, and saw 2 of its levels.

You collected 74 gold pieces.

Inventory:

Hand Weapons
 a - a +0 dagger (weapon)
Armour
 c - a +0 robe (melded)
Scrolls
 g - a scroll of poison {unknown}
 h - a scroll of silence {unknown}
 i - 2 scrolls of blinking {unknown}
Potions
 b - a potion of magic
 d - a potion of ambrosia {unknown}
 e - a potion of mutation {unknown}
 f - a potion of lignification


   Skills:
 + Level 1.1 Fighting
 + Level 2.7 Dodging
 + Level 2.5 Stealth
 - Level 2.0 Spellcasting
 + Level 2.2 Conjurations
 - Level 4.0 Air Magic


You had 3 spell levels left.
You knew the following spells:

 Your Spells              Type           Power      Damage    Failure   Level
a - Shock                 Conj/Air       48%        1d6       5%          1
b - Static Discharge      Conj/Air       12%        3-5/arc   9%          2

Your spell library contained the following spells:

 Spells                   Type           Power      Damage    Failure   Level
 Swiftness                Air            15%        N/A       11%         3
 Airstrike                Air            7%         2d(2-18)  36%         4


Dungeon Overview and Level Annotations

Branches:
Dungeon (2/15)

Altars:


Innate Abilities, Weirdness & Mutations

You are a tree.
Your roots penetrate the ground, keeping you stationary.
You cannot be teleported.
You are immune to unholy pain and torment.
Your maximum health is greatly increased.
Your equipment is partially melded.
((You have a beak for a mouth.))
((You have claws for feet.))


Message History

The quokka bites you.
The quokka bites you but does no damage.
You hit the quokka but do no damage. Your kick misses the quokka.
The quokka is almost dead.
The quokka closely misses you.
Casting: Static Discharge (safe; 9% risk of failure)
Confirm with . or Enter, or press ? or * to list all spells.
You don't have enough magic to cast this spell.
You miss the adder. Your kick misses the adder.
The adder is severely wounded.
The adder misses you. The quokka barely misses you. The adder bites you.
You hit the adder but do no damage. Your peck misses the adder.
The adder is severely wounded.
The quokka barely misses you. The adder barely misses you.
The goblin hits you with a +0 club.
Casting: Static Discharge (safe; 9% risk of failure)
Confirm with . or Enter, or press ? or * to list all spells.
You don't have enough magic to cast this spell.
You hit the adder.
The adder is almost dead.
The quokka barely misses you. The adder bites you.
You are poisoned.
The adder poisons you! The goblin hits you with a +0 club.
You hit the adder but do no damage. Your kick misses the adder.
The adder is almost dead.
You feel sick. The quokka barely misses you. The adder bites you.
* * * LOW HITPOINT WARNING * * *
The quokka twitches its whiskers.
The quokka bites you but does no damage.
The adder bites you but does no damage. The goblin hits you with a +0 club.
* * * LOW HITPOINT WARNING * * *
It was a potion of lignification.
You turn into a tree.
Your +0 robe melds into your body.
Your roots penetrate the ground.
* * * LOW HITPOINT WARNING * * *
You feel sick. The adder bites you but does no damage.
The quokka bites you but does no damage.
The goblin hits you but does no damage.
You hit the adder.
You kill the adder!
You die...

### ..# #.#
#.# #.#
##.######
#.......#
#†♣#
......gr#
..##...r.
........
..#####.##.
. ... ..
##. ## .


You could see a quokka, a goblin and a rat.

Vanquished Creatures
  An adder (D:2)
  A dart slug (D:1)
  4 bats (D:1)
  5 endoplasms (D:1)
  2 giant cockroaches (D:1)
  4 goblins (D:1)
  A hobgoblin (D:1)
  2 jackals (D:1)
  2 ball pythons (D:1)
  2 rats (D:1)
24 creatures vanquished.

Notes
Turn   | Place    | Note
-------+----------+-------------------------------------------
     0 | D:1      | pilgrim the Tengu Air Elementalist began the quest for the
                  | Orb.
     0 | D:1      | Reached XP level 1. HP: 10/10 MP: 4/4
   295 | D:1      | Reached XP level 2. HP: 16/16 MP: 3/6
   356 | D:1      | Found a faded altar of an unknown god.
   824 | D:1      | Reached skill level 1 in Fighting
   946 | D:1      | Learned a level 2 spell: Static Discharge
   991 | D:1      | Reached XP level 3. HP: 20/20 MP: 2/7
  1467 | D:2      | HP: 1/20 [goblin/+0 club (3)]
  1469 | D:2      | Succumbed to an adder's poison

Illustrated notes

Levels and vault maps discovered:
D:1:      evilmike_arrival_hilbert_curve, layout_basic,
          hellmonk_ecumenical_altar_crossroads, nicolae_figureground_sparkle
D:2:      layout_loops_ring, basic_altar, chequers_decorated_corner,
          minmay_goblin_outpost

Skill      XL: |  1  2 |
---------------+-------+-----
Conjurations   | 2 |  2.2
Fighting       | 1 |  1.1
Dodging        | |  2.7
Stealth        | |  2.5
Spellcasting   | |  2.0
Air Magic      | |  4.0

Action                   || total
-------------------------++-------
Melee: Dagger            ||    18
       Kick              ||     2
       Peck              ||     3
 Cast: Shock             ||    43
       Static Discharge  ||     2
  Use: Potion            ||     1
Armor: Robe              ||     9
       Skin              ||     3
Dodge: Dodged            ||    18
